Map: Frozen Temple

Players

Zeal - Winner!

  • Race: Protoss Protoss
  • League: Grandmaster

TheoRy

  • Race: Protoss Protoss
  • League: Master

Event: Clash of the Clanless

VOD

Have the link to the VOD?

Description

Time

  • Played on: Aug. 20, 2016, 4:10 p.m.
  • Length: 8:50

All games in this series

Show
View Real Time Build Order
Export as new Build Order

Zeal Protoss - Winner!

Build Orders: Zealot Archon 

Get SALT Encoding   

  12  0:01  Probe (Chrono Boost)  
  13  0:11  Probe (Chrono Boost)  
  14  0:17  Pylon  
  14  0:22  Probe (Chrono Boost)  
  15  0:36  Probe (Chrono Boost)  
  15  0:37  Gateway  
  15  0:42  Assimilator  
  16  0:46  Probe (Chrono Boost)  
  17  0:52  Assimilator  
  18  0:57  Probe (Chrono Boost)  
  18  1:07  Probe (Chrono Boost)  
  19  1:12  Gateway  
  19  1:18  Probe (Chrono Boost)  
  20  1:25  Cybernetics Core  
  20  1:28  Probe (Chrono Boost)  
  21  1:36  Pylon  
  21  1:39  Probe (Chrono Boost)  
  22  1:50  Probe (Chrono Boost)  
  23  1:58  Warp Gate  
  23  2:02  Mothership Core (Chrono Boost), Stalker x2  
  29  2:12  Pylon  
  29  2:22  Probe (Chrono Boost)  
  30  2:34  Probe (Chrono Boost), Stalker x2  
  35  2:41  Pylon  
  36  2:51  Probe (Chrono Boost)  
  37  3:06  Probe (Chrono Boost)  
  37  3:16  Nexus  
  37  3:18  Sentry  
  39  3:34  Mothership Core (Chrono Boost)  
  39  3:41  Robotics Facility  
  39  3:53  Probe (Chrono Boost)  
  40  4:00  Sentry x2  
  44  4:03  Probe (Chrono Boost)  
  44  4:05  Pylon  
  45  4:14  Probe (Chrono Boost)  
  46  4:23  Stalker  
  46  4:24  Stalker  
  50  4:33  Probe (Chrono Boost)  
  50  4:34  Probe (Chrono Boost)  
  50  4:35  Immortal  
  56  4:46  Adept  
  56  4:47  Adept  
  56  4:49  Probe (Chrono Boost)  
  56  4:51  Probe (Chrono Boost)  
  63  5:00  Probe (Chrono Boost)  
  63  5:02  Pylon  
  63  5:03  Probe (Chrono Boost)  
  64  5:10  Probe (Chrono Boost)  
  64  5:11  Observer  
  67  5:15  Probe (Chrono Boost)  
  67  5:20  Twilight Council, Gateway  
  67  5:21  Probe (Chrono Boost)  
  67  5:31  Warp Prism  
  67  5:33  Probe (Chrono Boost)  
  67  5:34  Probe (Chrono Boost)  
  67  5:35  Assimilator  
  70  5:38  Assimilator  
  70  5:47  Probe (Chrono Boost), Adept x2  
  70  5:48  Probe (Chrono Boost)  
  70  5:49  Resonating Glaives, Pylon  
  76  5:52  Pylon  
  76  6:02  Probe (Chrono Boost)  
  76  6:03  Probe (Chrono Boost)  
  78  6:08  Immortal  
  78  6:18  Gateway x2  
  82  6:32  Adept x3  
  87  6:34  Pylon  
  87  6:38  Probe (Chrono Boost)  
  88  6:40  Gateway  
  88  6:44  Observer  
  88  6:46  Gateway  
  88  6:53  Templar Archives  
  89  7:03  Observer  
  90  7:10  Nexus  
  90  7:19  Adept x3  
  96  7:22  Pylon  
  96  7:37  Adept x2  
  96  7:41  Pylon  
  96  7:42  Pylon  
  100  7:45  High Templar x2  
  100  7:47  Adept x2  
  100  7:50  Archon  
  100  7:51  Adept  
  110  8:05  Adept x2  
  110  8:08  Adept x2  
  118  8:26  Adept x4  
  118  8:27  Adept  
Show
View Real Time Build Order
Export as new Build Order

TheoRy Protoss 

Build Orders:  

Get SALT Encoding   

  12  0:01  Probe (Chrono Boost)  
  13  0:11  Probe (Chrono Boost)  
  14  0:18  Pylon  
  14  0:22  Probe (Chrono Boost)  
  15  0:36  Probe (Chrono Boost)  
  15  0:39  Gateway  
  16  0:46  Probe (Chrono Boost)  
  16  0:48  Assimilator  
  18  0:57  Probe (Chrono Boost)  
  18  1:03  Assimilator  
  18  1:07  Probe (Chrono Boost)  
  19  1:18  Probe (Chrono Boost)  
  20  1:29  Cybernetics Core, Gateway  
  20  1:31  Probe (Chrono Boost)  
  21  1:38  Pylon  
  21  1:41  Probe (Chrono Boost)  
  22  1:52  Probe (Chrono Boost)  
  23  2:06  Stalker, Warp Gate  
  27  2:08  Mothership Core (Chrono Boost)  
  27  2:16  Stalker  
  27  2:17  Pylon  
  29  2:38  Stalker  
  29  2:42  Stalker  
  31  2:47  Probe (Chrono Boost)  
  34  2:52  Pylon  
  34  3:12  Gateway  
  34  3:14  Probe (Chrono Boost)  
  34  3:19  Nexus  
  35  3:28  Nexus  
  35  3:31  Probe (Chrono Boost)  
  34  3:41  Pylon  
  34  3:42  Probe (Chrono Boost)  
  35  3:53  Probe (Chrono Boost)  
  36  4:03  Probe (Chrono Boost)  
  36  4:08  Stalker x3  
  44  4:17  Probe (Chrono Boost)  
  44  4:31  Stalker x2  
  44  4:32  Pylon  
  44  4:38  Sentry  
  51  4:39  Probe (Chrono Boost)  
  51  4:41  Probe (Chrono Boost)  
  52  4:48  Twilight Council  
  53  4:53  Probe (Chrono Boost)  
  53  4:55  Sentry  
  53  4:57  Sentry  
  53  4:58  Probe (Chrono Boost)  
  58  5:03  Probe (Chrono Boost)  
  59  5:09  Probe (Chrono Boost), Adept  
  59  5:12  Assimilator  
  63  5:14  Probe (Chrono Boost)  
  63  5:19  Probe (Chrono Boost)  
  64  5:21  Blink  
  64  5:24  Probe (Chrono Boost)  
  65  5:31  Probe (Chrono Boost)  
  64  5:35  Gateway  
  64  5:37  Gateway  
  64  5:40  Gateway  
  65  5:44  Probe (Chrono Boost)  
  65  5:45  Adept  
  65  5:47  Sentry  
  65  5:49  Probe (Chrono Boost)  
  70  5:56  Robotics Facility, Probe (Chrono Boost)  
  71  6:00  Probe (Chrono Boost)  
  71  6:02  Assimilator  
  72  6:09  Pylon  
  73  6:12  Pylon  
  73  6:13  Probe (Chrono Boost)  
  73  6:20  Pylon  
  73  6:22  Gateway  
  73  6:28  Probe (Chrono Boost)  
  73  6:30  Stalker x2  
  76  6:38  Immortal  
  76  6:45  Pylon  
  76  6:46  Pylon  
  80  6:47  Stalker  
  80  6:49  Sentry  
  84  6:56  Stalker  
  84  6:57  Stalker  
  88  7:02  Stalker  
  88  7:05  Probe (Chrono Boost)  
  88  7:07  Pylon  
  91  7:11  Stalker  
  93  7:18  Probe (Chrono Boost)  
  96  7:27  Nexus  
  91  7:38  Probe (Chrono Boost)  
  91  7:40  Probe (Chrono Boost)  
  91  7:42  Pylon  
  92  7:48  Forge  
  92  7:51  Robotics Bay, Probe (Chrono Boost)  
  93  7:54  Pylon  
  94  7:59  Probe (Chrono Boost), Observer  
  94  8:02  Pylon  
  94  8:03  Probe (Chrono Boost)  
  96  8:09  Robotics Facility  
  96  8:11  Probe (Chrono Boost)  
  97  8:24  Stalker x3  
  97  8:25  Stalker  
  85  8:30  Adept  
Tags
 
Add a new tag
Caveats
  • Supply blocks, unpowered buildings, or Contaminate may cause inaccurate times.
  • Supply counts are checked every 10 seconds.